 Dungeon Crawl Stone Soup version 0.28-a0-1435-g82390b3a13 (webtiles) character file.

Game seed: 12603203725470457428

8106 dolemite99 the Archer (level 11, -1/87 HPs)
             Began as a Minotaur Hunter on Jan 10, 2022.
             Was a Believer of Hepliaklqana.
             Slain by Snorg (12 damage)
             ... on level 10 of the Dungeon.
             The game lasted 00:14:46 (13218 turns).

dolemite99 the Archer (Minotaur Hunter)            Turns: 13218, Time: 00:14:46

Health: -1/87      AC: 18    Str: 21    XL:     11   Next: 5%
Magic:  12/12      EV:  7    Int:  8    God:    Hepliaklqana [**....]
Gold:   503        SH:  0    Dex: 11    Spells: 10/10 levels left

rFire   + . .      SeeInvis .   a - +2 shortbow (freeze)
rCold   + . .      Faith    .   (shield currently unavailable)
rNeg    . . .      Spirit   .   I - +0 plate armour
rPois   +          Reflect  .   (helmet restricted)
rElec   .          Harm     .   B - scarf {rC+ rF+}
rCorr   .          Rampage  .   p - +1 pair of gloves
Will    .....                   v - +0 pair of boots
Stlth   ..........              F - amulet of regeneration
HPRegen 1.04/turn               E - ring of poison resistance
MPRegen 0.13/turn               (no ring)

@: studying Short Blades
A: reduced essence, horns 2, retaliatory headbutt
a: Renounce Religion, Recall Ancestor, Ancestor Identity


You were on level 10 of the Dungeon.
You worshipped Hepliaklqana.
Hepliaklqana was pleased with you.
You visited 2 branches of the dungeon, and saw 11 of its levels.

You collected 503 gold pieces.

Inventory:

Hand Weapons
 a - a +2 shortbow of freezing (weapon)
 b - a +0 whip of electrocution
 g - a +1 dagger of holy wrath
 j - a +0 flail of protection
 r - a +0 short sword
Missiles
 d - 196 arrows (quivered ammo)
 f - 151 sling bullets
 l - 30 poisoned darts
 o - a throwing net
Armour
 k - a +0 chain mail
 p - a +1 pair of gloves (worn)
 v - a +0 pair of boots (worn)
 z - a scarf of invisibility
 B - a scarf of resistance (worn)
 I - a +0 plate armour (worn)
Jewellery
 n - an amulet of faith
 E - a ring of poison resistance (left hand)
 F - an amulet of regeneration (around neck)
Wands
 D - a wand of digging (5)
 H - a wand of flame (20)
Scrolls
 c - a scroll of torment
 m - a scroll of magic mapping
 t - 2 scrolls of noise
 w - 3 scrolls of teleportation
 y - a scroll of enchant armour
 A - a scroll of fog
Potions
 e - a potion of cancellation {unknown}
 h - 4 potions of attraction
 i - a potion of lignification
 q - 2 potions of haste
 x - 2 potions of flight {unknown}
 G - a potion of curing {unknown}


   Skills:
 - Level 9.0 Fighting
 - Level 9.7 Maces & Flails
 - Level 11.2 Bows
 - Level 10.1 Armour
 - Level 2.1 Dodging
 - Level 0.7 Stealth
 + Level 3.6 Invocations


You had 10 spell levels left.
You didn't know any spells.
Your spell library contained the following spells:

 Spells                   Type           Power      Damage    Failure   Level
 Animate Skeleton         Necr           0%         N/A       100%        1
 Apportation              Tloc           0%         N/A       100%        1
 Summon Small Mammal      Summ           0%         N/A       100%        1
 Dazzling Flash           Conj/Hex       0%         N/A       100%        3
 Hailstorm                Conj/Ice       0%         3d3       100%        4
 Ice Form                 Ice/Tmut       0%         N/A       100%        4
 Iskenderun's Mystic Bla  Conj/Tloc      0%         2d3       100%        4
 Simulacrum               Ice/Necr       0%         N/A       100%        6
 Starburst                Conj/Fire      0%         6d3       100%        6


Dungeon Overview and Level Annotations

Branches:
Dungeon (10/15)            Temple (1/1) D:7             Orc (0/2) D:9
   Lair: D:8-11

Altars:
Ashenzari
Cheibriados
Dithmenos
Elyvilon
Fedhas
Gozag
Hepliaklqana
Kikubaaqudgha
Makhleb
Nemelex Xobeh
Okawaru
Qazlal
Ru
Sif Muna
Trog
Uskayaw
Vehumet
Wu Jian
Xom
Yredelemnul
Zin
The Shining One

Shops:
D:6 (   D:10 *

Annotations:
D:1 exclusion: downstairs
D:5 2 runed translucent doors, Bediveer's ghost, novice MiFi
D:10 Snorg


Innate Abilities, Weirdness & Mutations

Your life essence is reduced to manifest your ancestor. (-10% HP)
You have a pair of horns on your head.
You reflexively headbutt those who attack you in melee.


Message History

You shoot an arrow. Amurritum avoids your attack.
The arrow barely misses Snorg.
Snorg goes berserk!
Amurritum hits Snorg with a +0 quarterstaff!
You shoot an arrow. Amurritum avoids your attack.
The arrow barely misses Snorg.
Snorg bites Amurritum!
Snorg claws Amurritum.
Snorg claws Amurritum!
Amurritum is destroyed!
You shoot an arrow.
Snorg shouts!
The arrow hits Snorg!
The arrow freezes Snorg.
Snorg is severely wounded.
You shoot an arrow. The arrow closely misses Snorg.
You shoot an arrow. The arrow hits Snorg.
The arrow freezes Snorg.
Snorg is severely wounded.
Snorg closely misses you. Snorg claws you but does no damage. Snorg claws you.
Snorg bites you but does no damage. Snorg claws you but does no damage.
Snorg claws you!
You shoot an arrow. The arrow hits Snorg!
The arrow freezes Snorg.
Snorg is almost dead.
Snorg bites you. Snorg claws you but does no damage. Snorg claws you.
You shoot an arrow. The arrow closely misses Snorg.
Snorg bites you! Snorg closely misses you. Snorg claws you!
You are too injured to fight recklessly!
You are too injured to fight recklessly!
Fire: 198 arrows
Press: ? - help, Q - select action, (/) - cycle Shift-Dir - straight line, f/p - Snorg
Aim: Snorg (almost dead, berserk, 68% to hit)
You shoot an arrow. The arrow hits Snorg!
The arrow freezes Snorg.
Snorg is almost dead.
Snorg bites you! Snorg claws you!
* * * LOW HITPOINT WARNING * * *
Snorg claws you!
* * * LOW HITPOINT WARNING * * *
Fire: 197 arrows
Press: ? - help, Q - select action, (/) - cycle Shift-Dir - straight line, f/p - Snorg
Aim: Snorg (almost dead, berserk, 68% to hit)
You shoot an arrow. The arrow hits Snorg.
The arrow freezes Snorg.
Snorg is almost dead.
Snorg bites you!
You die...

##≈.≈≈≈.≈##...#
##≈.......≈###.#
#.≈..≈.≈..≈.##.#
#..≈≈#'#≈≈(.##.#
#...##(##...##.#
######..(######.#
.#.##.#........##.#.#
............T.......####
.#.##.#.....@.[...##...#
#.#................#
#.#...####..####...#
#.#.#.# #..# ##.##
#.#.#.# #..# #.# #.#.#.#
#..# #.# #.#.#.####..#
#.# #.####...>..<....##
#.# #........#^.......#
#.#


You could see Snorg (berserk).

Vanquished Creatures
  A catoblepas (D:10)
  2 two-headed ogres
  A manticore (D:7)
  2 cyclopes
  2 centaur zombies
  A troll (D:9)
  Sigmund (D:2)
  2 acid dragons
  A water moccasin (D:6)
  A swamp drake (D:9)
  Duvessa (D:5)
  6 orc warriors
  2 black bears
  4 centaurs
  A phantom (D:6)
  A water moccasin zombie (D:6)
  Dowan (D:5)
  2 killer bees
  6 wights
  2 bullfrog zombies
  2 jellies
  A centaur skeleton (D:7)
  12 orc priests
  A hound (D:7)
  3 iguanas
  9 orc wizards
  A hound zombie (D:5)
  Robin (D:2)
  A hound skeleton (D:5)
  3 gnolls (D:2)
  9 adders
  A river rat (D:4)
  2 shadow imps
  A white imp (D:8)
  An ufetubus (D:5)
  A worm (D:4)
  A dart slug (D:4)
  35 orcs
  3 endoplasms
  3 giant cockroaches
  12 goblins
  13 hobgoblins
  3 jackals (D:4)
  4 kobolds
  2 quokkas
  3 ball pythons
  8 bats
  3 frilled lizards
  7 rats
186 creatures vanquished.

Vanquished Creatures (collateral kills)
  A manticore (D:10)
  A centaur zombie (D:10)
  An orc warrior (D:9)
  A killer bee (D:10)
  A wight (D:9)
  A howler monkey (D:8)
  3 orc wizards (D:9)
  6 orcs
15 creatures vanquished.

Vanquished Creatures (others)
  2 battlemagi (D:10)
  9 ancestors
11 creatures vanquished.

Grand Total: 212 creatures vanquished

Notes
Turn   | Place    | Note
-------+----------+-------------------------------------------
     0 | D:1      | dolemite99 the Minotaur Hunter began the quest for the Orb.
     0 | D:1      | Reached XP level 1. HP: 18/18 MP: 0/0
   132 | D:1      | Found a faded altar of an unknown god.
   228 | D:1      | Reached XP level 2. HP: 25/25 MP: 1/1
   664 | D:2      | Noticed Robin
   829 | D:2      | Noticed Sigmund
   851 | D:2      | Killed Sigmund
   852 | D:2      | Reached skill level 5 in Fighting
   852 | D:2      | Reached skill level 6 in Bows
   852 | D:2      | Reached XP level 3. HP: 35/36 MP: 2/2
   852 | D:2      | Reached XP level 4. HP: 41/42 MP: 3/3
   852 | D:2      | Reached XP level 5. HP: 47/48 MP: 4/4
  2242 | D:2      | Reached skill level 1 in Maces & Flails
  2262 | D:2      | Killed Robin
  2265 | D:2      | Reached XP level 6. HP: 53/56 MP: 5/5
  2843 | D:3      | Found a glowing silver altar of Zin.
  3603 | D:4      | Reached skill level 1 in Armour
  4372 | D:4      | Reached XP level 7. HP: 58/62 MP: 6/6
  4643 | D:5      | Entered Level 5 of the Dungeon
  4788 | D:5      | Noticed Duvessa
  4801 | D:5      | Noticed Dowan
  4803 | D:5      | Killed Duvessa
  4804 | D:5      | Reached skill level 7 in Bows
  4810 | D:5      | Killed Dowan
  5707 | D:5      | Found a large runed translucent door.
  5712 | D:5      | Found a large runed translucent door.
  5714 | D:5      | Noticed Bediveer's ghost (novice MiFi)
  5880 | D:6      | Reached skill level 8 in Bows
  5880 | D:6      | Reached skill level 5 in Armour
  5880 | D:6      | Reached XP level 8. HP: 66/70 MP: 7/7
  6307 | D:6      | Found Aneugast's Antique Weapon Shop.
  6818 | D:7      | Found a flagged portal.
  7143 | D:7      | Noticed a cyclops
  7158 | D:7      | Noticed a manticore
  7159 | D:7      | Killed a cyclops
  7160 | D:7      | Reached skill level 9 in Bows
  7513 | D:7      | Found a staircase to the Ecumenical Temple.
  7538 | D:7      | Killed a manticore
  7539 | D:7      | Reached XP level 9. HP: 29/75 MP: 8/8
  7711 | Temple   | Entered the Ecumenical Temple
  7925 | Temple   | Became a worshipper of Hepliaklqana the Forgotten
  8987 | D:8      | Reached * piety under Hepliaklqana
  9180 | D:8      | Noticed a two-headed ogre
  9494 | D:8      | Killed a two-headed ogre
  9900 | D:8      | Found a snail-covered altar of Cheibriados.
  9901 | D:8      | Found a shadowy altar of Dithmenos.
  9904 | D:8      | Reached XP level 10. HP: 75/75 MP: 9/9
  9915 | D:8      | Reached skill level 10 in Bows
 10156 | D:9      | Noticed a cyclops
 10160 | D:9      | Killed a cyclops
 11955 | D:9      | Found a staircase to the Orcish Mines.
 12320 | D:10     | Entered Level 10 of the Dungeon
 12397 | D:10     | Noticed a catoblepas
 12616 | D:10     | Noticed a manticore
 12624 | D:10     | Killed a manticore
 12625 | D:10     | Reached skill level 11 in Bows
 12724 | D:10     | Killed a catoblepas
 12725 | D:10     | Reached skill level 10 in Armour
 12952 | D:10     | Reached skill level 1 in Invocations
 12964 | D:10     | Reached ** piety under Hepliaklqana
 12965 | D:10     | Remembered your ancestor Amurritum as a battlemage
 12969 | D:10     | Noticed a two-headed ogre
 12977 | D:10     | Killed a two-headed ogre
 12978 | D:10     | Reached XP level 11. HP: 87/87 MP: 9/12
 13038 | D:10     | Found an opulent altar of Gozag.
 13042 | D:10     | Found Gozag's Platinum Reserve.
 13201 | D:10     | Noticed Snorg
 13218 | D:10     | Slain by Snorg

Illustrated notes

Levels and vault maps discovered:
D:1:      minmay_arrival_three_doors, layout_loops_cross,
          ebering_ecumenical_altar_webs
D:2:      layout_basic, uniq_sigmund, uniq_robin
D:3:      layout_rooms, mainiacjoe_overflow_tiny_flanked, st_stairs_9,
          chequers_mini_garden
D:4:      layout_loops_ring, portal_sewer_entry_e, minmay_misc_feat_encased
D:5:      layout_loops_ring, ebering_ghost_disaster_area, uniq_duvessa
D:6:      layout_loops_ring, hangedman_decor_slide_cut, dk_noncrumbling_2,
          nicolae_inconvenience_store, nicolae_underground_beach
D:7:      layout_loops_corners, minmay_temple_entry_arrows, enter_bailey_2,
          minivault_22, minmay_manual_mail
D:8:      layout_loops_ring, gammafunk_temple_overflow_statue, minmay_crossroads
D:9:      layout_roguey, erik_orc_1
D:10:     nzn_motion_control, layout_loops_ring,
          nicolae_gozag_zags_fifth_avenue, uniq_snorg
Temple:   dpeg_five_rooms_temple

Skill      XL: |  1  2  3  4  5  6  7  8  9 10 |
---------------+-------------------------------+-----
Fighting       | 5 6 9 |  9.0
Bows           | 6 8 9 11 | 11.2
Maces & Flails | 1 3 6 9 |  9.7
Armour         | 1 5 7 8 10 | 10.1
Invocations    | 3 |  3.6
Dodging        | |  2.1
Stealth        | |  0.7

Action                   |  1- 3 |  4- 6 |  7- 9 | 10-12 || total
-------------------------+-------+-------+-------+-------++-------
Melee: Whip              |       |    50 |    90 |     7 ||   147
       Headbutt          |       |    12 |    13 |       ||    25
       Punch             |       |       |     1 |       ||     1
 Fire: Shortbow          |    43 |   114 |   219 |   228 ||   604
Throw: Boomerang         |       |       |     1 |       ||     1
Invok: Ancestor Life: Ba |       |       |       |     1 ||     1
  Use: Scroll            |     1 |     8 |     2 |     6 ||    17
       Potion            |     1 |       |     3 |       ||     4
Armor: Chain mail        |     8 |    46 |    54 |       ||   108
       Skin              |     7 |       |    23 |       ||    30
       Ring mail         |     1 |       |       |       ||     1
       Plate armour      |       |       |    36 |    39 ||    75
Dodge: Dodged            |     6 |    23 |    59 |    15 ||   103

Table legend: (Time is in decaauts)
 A = Elapsed time spent in this place.
 B = Non-inter-level travel time spent in this place.
 C = Inter-level travel time spent in this place.
 D = Time resting spent in this place.
 E = Time spent auto-exploring this place.
 F = Levels seen in this place.
 G = Mean time per level.
                   A        B        C        D        E       F      G
               +--------+--------+--------+--------+--------+-----+--------+
         Total |  13113 |  12568 |    545 |   4347 |   6207 |  11 | 1192.1 |
       Dungeon |  12848 |  12354 |    494 |   4347 |   6010 |  10 | 1284.8 |
        Temple |    264 |    213 |     51 |      0 |    197 |   1 |  264.0 |
               +--------+--------+--------+--------+--------+-----+--------+

Top non-repeatable levels by time:
     D:9: 2488 daAuts
     D:7: 1861 daAuts
     D:2: 1816 daAuts
     D:4: 1221 daAuts
     D:5: 1111 daAuts
     D:8: 1037 daAuts
     D:6: 1026 daAuts
     D:3: 874 daAuts
     D:1: 722 daAuts
    D:10: 688 daAuts
  Temple: 264 daAuts
